 Dungeon Crawl Stone Soup version 0.26-a0-652-gafc20e3620 (webtiles) character file.

Game seed: 16395475586641647223

573 experimilk the Vexing (level 7, -4/51 HPs)
             Began as a Human Arcane Marksman on Oct 4, 2020.
             Was a Follower of Qazlal.
             Slain by a gnoll
             ... wielding a +0 spear
              (13 damage)
             ... on level 4 of the Dungeon.
             The game lasted 00:20:48 (5922 turns).

experimilk the Vexing (Human Arcane Marksman)       Turns: 5922, Time: 00:20:49

Health: -4/51      AC:  2    Str: 12    XL:     7   Next: 61%
Magic:  10/10      EV: 12    Int: 13    God:    Qazlal [*.....]
Gold:   250        SH:  2    Dex: 14    Spells: 2/11 levels left

rFire    . . .     SeeInvis .   a - +2 hand crossbow
rCold    . . .     Faith    .   (no shield)
rNeg     . . .     Spirit   .   e - +0 robe
rPois    .         Reflect  .   (no helmet)
rElec    .         Harm     .   (no cloak)
rCorr    .         Rampage  .   (no gloves)
MR       .....                  (no boots)
Stlth    +.........             (no amulet)
HPRegen  0.17/turn              (no ring)
MPRegen  0.12/turn              (no ring)

@: no status effects
A: no striking features
a: Renounce Religion


You were on level 4 of the Dungeon.
You worshipped Qazlal.
Qazlal was aware of your devotion.
You visited 1 branch of the dungeon, and saw 4 of its levels.

You collected 250 gold pieces.

Inventory:

Hand Weapons
 a - a +2 hand crossbow (weapon)
 b - a +0 dagger of protection
Missiles
 d - 33 bolts (quivered)
Armour
 e - a +0 robe (worn)
Jewellery
 c - an uncursed ring of fire
 j - a +4 ring of evasion
 r - a +4 ring of protection
Wands
 m - a wand of flame (14)
Scrolls
 g - a scroll of identify
 l - a scroll of immolation {unknown}
 n - a scroll of remove curse {unknown}
 o - a scroll of amnesia {unknown}
 p - a scroll of blinking {unknown}
Potions
 f - a potion of berserk rage
 h - a potion of resistance
 s - a potion of mutation {unknown}


   Skills:
 + Level 2.8 Fighting
 * Level 4.6 Crossbows
 - Level 2.0 Dodging
 + Level 2.6 Spellcasting
 * Level 5.1 Hexes
 + Level 1.3 Translocations
 + Level 1.3 Fire Magic


You had 2 spell levels left.
You knew the following spells:

 Your Spells              Type           Power        Failure   Level
a - Corona                Hex            ###....      3%          1
b - Slow                  Hex            ###.....     4%          2
c - Inner Flame           Hex/Fire       ##......     19%         3
d - Portal Projectile     Hex/Tloc       ##....       19%         3

Your spell library contained the following spells:

 Spells                   Type           Power        Failure   Level
 Magic Dart               Conj           #...         24%         1
 Searing Ray              Conj           #.....       36%         2
 Dazzling Flash           Conj/Hex       #.....       26%         3
 Cause Fear               Hex            ###.......   28%         4
 Fulminant Prism          Conj/Hex       #.........   63%         4
 Leda's Liquefaction      Hex/Erth       #.........   63%         4
 Iskenderun's Mystic Bla  Conj/Tloc      #.......     88%         4


Dungeon Overview and Level Annotations

Branches:
Dungeon (4/15)             Temple (0/1) D:4

Altars:
Qazlal


Message History

You shoot a bolt. The bolt hits the gnoll!
The gnoll is almost dead.
The gnoll hits you from afar with a +0 spear.
* * * LOW HITPOINT WARNING * * *
The gnoll closely misses you.
The gnoll hits you from afar with a +0 spear.
* * * LOW HITPOINT WARNING * * *
Firing (i - inventory)
d - 35 bolts (quivered)
Press: ? - help, Shift-Dir - straight line, f/p - gnoll
Aim: a gnoll, wielding a +0 spear and carrying a wand of iceblast (8) (severely wounded)
You shoot a bolt. The bolt hits the gnoll!
You kill the gnoll!
Qazlal accepts your kill. The gnoll hits you but does no damage.
Firing (i - inventory)
d - 34 bolts (quivered)
Press: ? - help, Shift-Dir - straight line, f/p - gnoll
Aim: a gnoll, wielding a +0 spear and carrying a wand of iceblast (8) (severely wounded)
You shoot a bolt. The bolt barely misses the gnoll.
The gnoll hits you from afar with a +0 spear!
You die...

######## #### ## #......#
#(..###.# #.#....#### #
#.##.#.####.........#
#.##.##((g?@........##.#
#.......######.##.#.##.#
####.#### #......##.###
#..รท)...# #####......(#
#.##g##.# ########.#####.# #
#(#<#.# #........# .##
..###))# #........# .(#
##.#...#.###........# ..#
#.##.#.##.##........#####..#


You could see a gnoll.

Vanquished Creatures
  An ogre (D:3)
  A scorpion (D:4)
  A centaur zombie (D:4)
  An orc priest (D:4)
  A hound (D:4)
  An orc wizard (D:4)
  Terence (D:2)
  An iguana (D:4)
  Ijyb (D:3)
  2 worker ants (D:4)
  7 adders
  2 gnolls (D:4)
  An ooze (D:1)
  An adder zombie (D:3)
  4 dart slugs
  2 worms (D:2)
  5 leopard geckos
  5 orcs
  12 bats
  5 giant cockroaches
  10 goblins
  9 hobgoblins
  11 kobolds
  A quokka (D:4)
  A ball python (D:1)
  3 frilled lizards
  A quokka skeleton (D:4)
  8 rats
99 creatures vanquished.

Notes
Turn   | Place    | Note
-------+----------+-------------------------------------------
     0 | D:1      | experimilk the Human Arcane Marksman began the quest for
                  | the Orb.
     0 | D:1      | Reached XP level 1. HP: 15/15 MP: 2/2
   150 | D:1      | Reached XP level 2. HP: 19/21 MP: 0/3
   489 | D:1      | Reached XP level 3. HP: 26/26 MP: 1/4
   686 | D:1      | Learned a level 2 spell: Slow
  1627 | D:2      | Noticed Terence
  1851 | D:2      | Reached XP level 4. HP: 32/32 MP: 6/6
  2106 | D:2      | Found a stormy altar of Qazlal.
  2114 | D:2      | Became a worshipper of Qazlal Stormbringer
  2158 | D:2      | Killed Terence
  2158 | D:2      | Reached XP level 5. HP: 30/38 MP: 7/7
  2408 | D:2      | You fall into a shaft and drop 2 floors!
  2421 | D:4      | Reached skill level 4 in Hexes
  2811 | D:4      | Learned a level 3 spell: Inner Flame
  2830 | D:4      | Found a staircase to the Ecumenical Temple.
  2879 | D:3      | Reached XP level 6. HP: 22/44 MP: 9/9
  3232 | D:3      | Noticed an ogre
  3821 | D:2      | Reached * piety under Qazlal
  4215 | D:3      | Noticed Ijyb
  4372 | D:3      | Killed Ijyb
  4532 | D:2      | Learned a level 3 spell: Portal Projectile
  5078 | D:3      | Killed an ogre
  5426 | D:4      | Reached XP level 7. HP: 14/51 MP: 7/10
  5553 | D:4      | Reached skill level 1 in Fire Magic
  5708 | D:4      | Reached skill level 1 in Translocations
  5721 | D:4      | Reached skill level 5 in Hexes
  5922 | D:4      | Slain by a gnoll

Illustrated notes

Levels and vault maps discovered:
D:1:      tarquinn_simple_flora_water_f, layout_basic, minmay_unequal
D:2:      layout_basic, grunt_qazlal_sundering, uniq_terence
D:3:      layout_rooms, uniq_ijyb
D:4:      layout_loops_cross, minmay_temple_entry_crystal_x, enter_ossuary_2

Skill      XL: |  1  2  3  4  5  6  7 |
---------------+----------------------+-----
Crossbows      | 3 4 |  4.6
Fighting       | 2 |  2.8
Hexes          | 4 5 |  5.1
Spellcasting   | 2 |  2.6
Fire Magic     | 1 |  1.3
Translocations | 1 |  1.3
Dodging        | |  2.0

Action                   |  1- 3 |  4- 6 |  7- 9 || total
-------------------------+-------+-------+-------++-------
Melee: Hand crossbow     |       |       |     1 ||     1
 Fire: Hand crossbow     |    90 |   154 |    36 ||   280
 Cast: Corona            |    38 |    38 |     7 ||    83
       Slow              |       |     6 |       ||     6
  Use: Scroll            |     2 |     2 |     1 ||     5
       Potion            |       |     3 |     1 ||     4
Armor: Robe              |    16 |    38 |     3 ||    57
Dodge: Dodged            |    38 |   114 |    15 ||   167
Block: Other             |       |       |     1 ||     1

Table legend: (Time is in decaauts)
 A = Elapsed time spent in this place.
 B = Non-inter-level travel time spent in this place.
 C = Inter-level travel time spent in this place.
 D = Time resting spent in this place.
 E = Time spent auto-exploring this place.
 F = Levels seen in this place.
 G = Mean time per level.
                   A        B        C        D        E       F      G
               +--------+--------+--------+--------+--------+-----+--------+
         Total |   6024 |   5741 |    283 |   2688 |    945 |   4 | 1506.0 |
       Dungeon |   6024 |   5741 |    283 |   2688 |    945 |   4 | 1506.0 |
               +--------+--------+--------+--------+--------+-----+--------+

Top non-repeatable levels by time:
     D:2: 2332 daAuts
     D:1: 1709 daAuts
     D:3: 993 daAuts
     D:4: 989 daAuts
